 Dungeon Crawl Stone Soup version 0.29.1 (webtiles) character file.

Game seed: 14918636372529002275

3549 funnyparkerb the Cleaver (level 9, -1/81 HPs)
             Began as a Minotaur Fighter on Sept 12, 2022.
             Was a Believer of Makhleb.
             Slain by a komodo dragon (12 damage)
             ... on level 8 of the Dungeon.
             The game lasted 00:12:24 (7845 turns).

funnyparkerb the Cleaver (Minotaur Fighter)         Turns: 7845, Time: 00:12:25

Health: -1/81      AC: 16    Str: 26    XL:     9   Next: 83%
Magic:  8/8        EV:  9    Int:  1    God:    Makhleb [**....]
Gold:   366        SH:  5    Dex: 15    Spells: 8/8 levels left

rFire   . . .      SeeInvis .   a - +0 war axe
rCold   + . .      Faith    .   c - +0 buckler
rNeg    . . .      Spirit   .   A - +0 plate armour
rPois   .          Reflect  .   (helmet restricted)
rElec   .          Harm     .   (no cloak)
rCorr   +          Rampage  .   G - +0 pair of gloves
Will    ++...                   g - +0 pair of boots
Stlth   ..........              (no amulet)
HPRegen 0.23/turn               r - ring of Saips {+Blink rC+ Will++ rCorr Int-4}
MPRegen 0.11/turn               p - +6 ring of strength

@: hasted, very quick
A: horns 2, retaliatory headbutt
a: Renounce Religion, Evoke Blink, Minor Destruction


You were on level 8 of the Dungeon.
You worshipped Makhleb.
Makhleb was pleased with you.
You visited 2 branches of the dungeon, and saw 10 of its levels.

You collected 366 gold pieces.

Inventory:

Hand Weapons
 a - a +0 war axe (weapon)
Missiles
 d - 8 boomerangs (quivered)
Armour
 c - a +0 buckler (worn)
 g - a +0 pair of boots (worn)
 A - a +0 plate armour (worn)
 G - a +0 pair of gloves (worn)
Jewellery
 f - a ring of resist corrosion
 p - a +6 ring of strength (right hand)
 r - the ring of Saips (left hand) {+Blink rC+ Will++ rCorr Int-4}
   (You found it on level 6 of the Dungeon)

   [ring of protection from cold]

   Int:       It affects your intelligence (-4).
   rC:        It protects you from cold.
   +Blink:    It lets you blink.
   rCorr:     It protects you from acid and corrosion.
   Will:      It greatly increases your willpower.
 s - a +4 ring of evasion
Wands
 q - a wand of paralysis (3)
 t - a wand of roots (26)
 D - a wand of light (7)
Scrolls
 b - a scroll of enchant armour {unknown}
 h - 4 scrolls of teleportation {unknown}
 i - a scroll of amnesia {unknown}
 j - a scroll of butterflies {unknown}
 w - 2 scrolls of silence {unknown}
 x - 2 scrolls of vulnerability {unknown}
 y - a scroll of noise {unknown}
 F - a scroll of enchant weapon {unknown}
Potions
 e - a potion of haste
 l - a potion of magic
 n - a potion of cancellation
 u - a potion of ambrosia
 v - a potion of flight
 z - a potion of degeneration
 B - a potion of resistance
 C - a potion of invisibility
 H - a potion of attraction


   Skills:
 * Level 7.8 Fighting
 + Level 12.1 Axes
 * Level 7.8 Armour
 * Level 6.1 Dodging
 - Level 3.6 Shields


You had 8 spell levels left.
You didn't know any spells.
Your spell library contained the following spells:

 Spells                   Type           Power      Damage    Failure   Level
 Static Discharge         Conj/Air       0%         3-3/arc   100%        2
 Frozen Ramparts          Ice            0%         1d1       100%        3
 Ozocubu's Armour         Ice            0%         N/A       100%        3
 Dispel Undead            Necr           0%         3d6       100%        4
 Ice Form                 Ice/Tmut       0%         N/A       100%        4
 Sticky Flame             Conj/Fire      0%         2d3       100%        4
 Summon Ice Beast         Ice/Summ       0%         N/A       100%        4
 Ozocubu's Refrigeration  Ice            0%         4d7       100%        7


Dungeon Overview and Level Annotations

Branches:
Dungeon (9/15)             Temple (1/1) D:5            Lair (0/5) D:8
    Orc: D:9-12

Altars:
Cheibriados
Dithmenos
Elyvilon
Fedhas
Gozag
Hepliaklqana
Kikubaaqudgha
Makhleb
Nemelex Xobeh
Okawaru
Qazlal
Ru
Trog
Uskayaw
Vehumet
Wu Jian
Xom
Yredelemnul
Zin
The Shining One

Shops:
D:5 :   D:6 *   D:7 *

Annotations:
D:6 3 runed translucent doors, Tsarbomb's ghost, novice HOFi


Innate Abilities, Weirdness & Mutations

You have a pair of horns on your head.
You reflexively headbutt those who attack you in melee.


Message History

You are no longer corroded.
The komodo dragon barely misses you.
Your Dodging skill increases to level 6!
You completely miss the komodo dragon.
You headbutt the komodo dragon, but do no damage.
The komodo dragon is lightly wounded.
You hit the komodo dragon.
The komodo dragon is moderately wounded.
The komodo dragon bites you!
* * * LOW HITPOINT WARNING * * *
You barely miss the komodo dragon. You headbutt the komodo dragon!
The komodo dragon is heavily wounded.
The komodo dragon bites you!
* * * LOW HITPOINT WARNING * * *
Okay, then.
Okay, then.
Okay, then.
Okay, then.
Aiming: Paralyse
Press: ? - help, Shift-Dir - straight line, f - komodo dragon
Aim: a komodo dragon (heavily wounded, chance to affect: 31%)
Okay, then.
You feel better.
Okay, then.
You slash the komodo dragon!
The komodo dragon is severely wounded.
You barely miss the komodo dragon.
The komodo dragon is severely wounded.
The komodo dragon bites you.
* * * LOW HITPOINT WARNING * * *
You hit the komodo dragon but do no damage.
The komodo dragon is severely wounded.
The komodo dragon bites you but does no damage.
You barely miss the komodo dragon.
You headbutt the komodo dragon, but do no damage.
The komodo dragon is severely wounded.
You barely miss the komodo dragon.
The komodo dragon is severely wounded.
The komodo dragon bites you!
You die...

############### ############### #
.####.#..##.# .#># ####
.....###†#.#####.## #...
##........#..#....# ###. #...
###..........#...##...# #...
######.............#. ####
#.##............# #
..##.#...#l....# #### ###
###.##.@..#.# #... ####.###.#
#### ########### ################
# ..........# #.............# ##
..........# #..#>......#..# #.
..........# #..#.#.....#..###.
..).......######..#.#.....#......
##.#.#.##.......................#
..........######..#..............


You could see a komodo dragon.

Vanquished Creatures
  Pikel (D:8)
  A komodo dragon (D:8)
  A wyvern (D:8)
  A basilisk (D:8)
  An acid dragon (D:8)
  2 water moccasins
  3 ice beasts
  A sky beast (D:7)
  2 orc warriors
  2 ogres
  4 centaurs
  A lemure (D:8)
  3 phantoms
  A kobold brigand (D:8)
  A gnoll sergeant (D:6)
  2 necrophages
  2 howler monkeys
  2 hounds (D:5)
  A jelly (D:8)
  2 orc priests (D:7)
  4 iguanas
  8 orc wizards
  5 adders
  4 gnolls (D:6)
  2 shadow imps
  2 ufetubi
  A worm (D:5)
  3 dart slugs
  26 orcs
  5 ball pythons
  4 bats
  6 endoplasms
  2 giant cockroaches
  6 goblins
  4 hobgoblins
  2 jackals (D:1)
  8 kobolds
  4 quokkas
  3 rats (D:2)
133 creatures vanquished.

Notes
Turn   | Place    | Note
-------+----------+-------------------------------------------
     0 | D:1      | funnyparkerb the Minotaur Fighter began the quest for the
                  | Orb.
     0 | D:1      | Reached XP level 1. HP: 19/19 MP: 0/0
   420 | D:1      | Reached skill level 3 in Axes
   423 | D:1      | Reached XP level 2. HP: 22/26 MP: 1/1
  1090 | D:2      | Reached skill level 4 in Axes
  1225 | D:2      | Reached XP level 3. HP: 12/31 MP: 2/2
  2118 | D:3      | Reached skill level 5 in Axes
  2214 | D:3      | Reached XP level 4. HP: 39/39 MP: 3/3
  2469 | D:3      | Noticed an ice beast
  2570 | D:4      | Found a basalt altar of Yredelemnul.
  2834 | D:3      | Found a faded altar of an unknown god.
  2882 | D:3      | Killed an ice beast
  2883 | D:3      | Reached skill level 7 in Axes
  2883 | D:3      | Reached XP level 5. HP: 42/45 MP: 4/4
  3015 | D:4      | You fall into a shaft and drop 2 floors!
  3016 | D:6      | Found a runed translucent gate.
  3017 | D:6      | Found a runed translucent gate.
  3017 | D:6      | Noticed Tsarbomb's ghost (novice HOFi)
  3018 | D:6      | Found a runed translucent gate.
  3031 | D:5      | Entered Level 5 of the Dungeon
  3093 | D:5      | Reached skill level 8 in Axes
  3093 | D:5      | Reached XP level 6. HP: 48/51 MP: 5/5
  3124 | D:5      | Found a staircase to the Ecumenical Temple.
  3136 | Temple   | Entered the Ecumenical Temple
  3166 | Temple   | Became a worshipper of Makhleb the Destroyer
  3509 | D:4      | Reached skill level 9 in Axes
  3514 | D:4      | Reached XP level 7. HP: 53/57 MP: 6/6
  3545 | D:4      | Found an ancient bone altar of Kikubaaqudgha.
  4162 | D:5      | Found Zuaruw's Self-Improvement Boutique.
  4173 | D:5      | Reached skill level 10 in Axes
  4500 | D:6      | Found an ornate altar of the Wu Jian Council.
  4512 | D:6      | Reached skill level 11 in Axes
  4644 | D:6      | Reached XP level 8. HP: 48/66 MP: 7/7
  4742 | D:6      | Reached skill level 1 in Dodging
  4752 | D:6      | Found an iron altar of Okawaru.
  4840 | D:6      | Reached * piety under Makhleb
  4914 | D:6      | Found a snail-covered altar of Cheibriados.
  4964 | D:6      | HP: 3/66 [centaur/arrow (3)]
  4965 | D:6      | Reached skill level 5 in Fighting
  4965 | D:6      | Reached skill level 5 in Armour
  5369 | D:6      | Found a hide-covered altar of Uskayaw.
  5397 | D:6      | Found Lajidd's Fire Supplies.
  5409 | D:6      | Identified the ring of Saips {+Blink rC+ Will++ rCorr
                  | Int-4}
  5458 | D:6      | Noticed an air elemental
  5460 | D:6      | Found a stormy altar of Qazlal.
  5713 | D:7      | Found a shimmering altar of Xom.
  5714 | D:7      | Found a bloodstained altar of Trog.
  5767 | D:7      | Found an opulent altar of Gozag.
  5769 | D:7      | Found Gozag's Platinum Reserve.
  5985 | D:7      | Reached ** piety under Makhleb
  6019 | D:7      | Reached XP level 9. HP: 16/75 MP: 8/8
  7132 | D:8      | Noticed Pikel
  7142 | D:8      | Killed Pikel
  7143 | D:8      | Reached skill level 5 in Dodging
  7689 | D:8      | Noticed a komodo dragon
  7698 | D:8      | Killed a komodo dragon
  7699 | D:8      | Reached skill level 12 in Axes
  7813 | D:8      | Noticed a komodo dragon
  7814 | D:8      | Found a staircase to the Lair.
  7845 | D:8      | Slain by a komodo dragon

Illustrated notes

Levels and vault maps discovered:
D:1:      amcnicky_arrival_flooded_fountain, layout_basic
D:2:      layout_loops_ring
D:3:      layout_basic, shapermc_ecumenical_altar_hornbeckon
D:4:      layout_basic, general_overflow_altar,
          nicolae_kikubaaqudgha_miasma_corner
D:5:      layout_rooms, minmay_temple_entry_butterflies, nicolae_shop_self_help
D:6:      layout_cave_pools, mainiacjoe_overflow_cross_hatched,
          okawaru_metal_pillars_1_2, nicolae_qazlal_style_of_elements,
          mainiacjoe_overflow_boulevard, nzn_wu_jian_contemplation,
          gammafunk_ghost_nasty_kobolds, nicolae_shop_fire_sale
          [nicolae_sub_dead_trees]
D:7:      layout_loops_ring, gammafunk_temple_overflow_statue,
          nicolae_gozag_zags_fifth_avenue
D:8:      layout_basic, erik_lair_dragon, nicolae_zen_rock_garden, uniq_pikel
D:9:      layout_basic, uniq_erolcha, uniq_erica
Temple:   hellmonk_temple_rainy

Skill      XL: |  1  2  3  4  5  6  7  8  9 |
---------------+----------------------------+-----
Axes           | 3 4 5 7 8 9 11 12 | 12.1
Fighting       | 6 7 |  7.8
Armour         | 6 7 |  7.8
Dodging        | 4 6 |  6.1
Shields        | |  3.6

Action                   |  1- 3 |  4- 6 |  7- 9 || total
-------------------------+-------+-------+-------++-------
Melee: War axe           |    77 |    49 |   219 ||   345
       Headbutt          |    11 |     7 |    46 ||    64
Evoke: Wand              |       |     1 |     2 ||     3
  Use: Scroll            |       |       |    10 ||    10
       Potion            |       |       |     7 ||     7
 Stab: Paralysed         |       |     2 |     4 ||     6
Armor: Scale mail        |     7 |       |       ||     7
       Chain mail        |    41 |    42 |    88 ||   171
       Plate armour      |       |       |    24 ||    24
Dodge: Dodged            |    33 |    48 |    96 ||   177
Block: Buckler           |    14 |    13 |    43 ||    70
